 Dungeon Crawl Stone Soup version 0.29-a0-920-g5d2155ec51 (webtiles) character file.

Game seed: 5197014212415965645

77 Malachi the Cutter (level 3, -2/29 HPs)
             Began as a Demigod Brigand on July 27, 2022.
             Splashed by a jelly's acid (3 damage)
             ... on level 2 of the Dungeon.
             The game lasted 00:02:05 (2402 turns).

Malachi the Cutter (Demigod Brigand)                Turns: 2402, Time: 00:02:06

Health: -2/29      AC:  0    Str: 12    XL:     3   Next: 91%
Magic:  5/5        EV: 10    Int: 13    God:
Gold:   83         SH:  0    Dex: 19    Spells: 2/2 levels left

rFire   . . .      SeeInvis .   a - +2 dagger
rCold   . . .      Faith    .   (no shield)
rNeg    . . .      Spirit   .   h - +0 ring mail
rPois   .          Reflect  .   (no helmet)
rElec   .          Harm     .   c - +0 cloak
rCorr   .          Rampage  .   (no gloves)
Will    .....                   b - +1 pair of boots
Stlth   ++........              (no amulet)
HPRegen 0.09/turn               (no ring)
MPRegen 0.09/turn               (no ring)

@: corroded
A: high MP 1, forlorn, divine attributes
a: no special abilities


You were on level 2 of the Dungeon.
You visited 1 branch of the dungeon, and saw 2 of its levels.

You collected 83 gold pieces.

Inventory:

Hand Weapons
 a - a +2 dagger (weapon)
Missiles
 d - 9 poisoned darts (quivered)
 e - 3 curare-tipped darts
Armour
 b - a +1 pair of boots (worn)
 c - a +0 cloak (worn)
 h - a +0 ring mail (worn)
Scrolls
 f - a scroll of torment {unknown}
 j - a scroll of poison {unknown}
 l - a scroll of teleportation
 m - a scroll of enchant weapon {unknown}
 o - a scroll of magic mapping {unknown}
Potions
 g - 2 potions of cancellation
 i - a potion of brilliance {unknown}
 k - a potion of degeneration {unknown}
 n - a potion of heal wounds {unknown}


   Skills:
 - Level 1.7 Fighting
 + Level 4.0 Short Blades
 - Level 1.7 Throwing
 - Level 0.8 Dodging
 - Level 3.6 Stealth


You had 2 spell levels left.
You didn't know any spells.
Your spell library contained the following spells:

 Spells                   Type           Power      Damage    Failure   Level
 Sandblast                Erth           0%         2d4       56%         1
 Passwall                 Tmut/Erth      0%         N/A       71%         2
 Stone Arrow              Conj/Erth      0%         3d7       91%         3


Dungeon Overview and Level Annotations

Branches:
Dungeon (2/15)


Innate Abilities, Weirdness & Mutations

You have an increased reservoir of magic. (+10% MP)
You shall have no god before yourself.
Your divine heritage dramatically boosts your attributes as you level up.


Message History

Found a leather armour.
You now have 83 gold pieces (gained 9).
Found a helmet.
A jelly comes into view.
The jelly quivers.
The jelly hits you but does no damage.
You hit the jelly. The acid corrodes you!
Your hands burn!
The jelly is moderately wounded.
You hit the jelly but do no damage.
Your hands burn!
The jelly is moderately wounded.
The jelly hits you but does no damage.
You hit the jelly but do no damage. The acid corrodes you!
Your hands burn!
The jelly is moderately wounded.
The jelly hits you. The acid corrodes you!
You are splashed with acid!
You are too injured to fight recklessly!
You are too injured to fight recklessly!
You are too injured to fight recklessly!
You are too injured to fight recklessly!
You are too injured to fight recklessly!
You are too injured to fight recklessly!
You are too injured to fight recklessly!
You are too injured to fight recklessly!
You are too injured to fight recklessly!
You are too injured to fight recklessly!
You are too injured to fight recklessly!
You are too injured to fight recklessly!
You are too injured to fight recklessly!
You are too injured to fight recklessly!
The jelly attacks as you move away! The jelly barely misses you.
The jelly attacks as you move away! The jelly barely misses you.
The jelly attacks as you move away! The jelly closely misses you.
The jelly attacks as you move away! The jelly barely misses you.
You hit the jelly.
Your hands burn!
The jelly is heavily wounded.
The jelly hits you.
* * * LOW HITPOINT WARNING * * *
You are splashed with acid.
* * * LOW HITPOINT WARNING * * *
You hit the jelly but do no damage.
Your hands burn!
You die...

#[...#### #####...##.#### #
##.#....#########...#.....# ###
#............[...........####..
#####............#.............
#....######..#.........[###
####.....##..#.......##....
#.....#.......##.#...###
#.......#..........### ########
#.....J@..<.........#
.......######......(...###.#.####
.......................###.#.....
.......#######..##....).......#..
.......# ####..###.....##...###..
####.### #....#####..............
#.# #....# #.............#.. #.#
#....##.....###......... #.#
#....####### ##...##....


You could see a jelly.

Vanquished Creatures
  An adder (D:2)
  A worm (D:2)
  3 dart slugs
  5 ball pythons
  7 endoplasms
  2 giant cockroaches
  2 goblins (D:1)
  5 hobgoblins
  7 jackals
  5 kobolds
  4 quokkas
  3 bats
  2 frilled lizards
  2 rats (D:2)
  A spectral kobold (D:1)
50 creatures vanquished.

Notes
Turn   | Place    | Note
-------+----------+-------------------------------------------
     0 | D:1      | Malachi the Demigod Brigand began the quest for the Orb.
     0 | D:1      | Reached XP level 1. HP: 17/17 MP: 3/3
    59 | D:1      | Reached skill level 2 in Short Blades
   303 | D:1      | Reached XP level 2. HP: 21/24 MP: 4/4
   877 | D:1      | Reached skill level 3 in Short Blades
  1164 | D:1      | Reached XP level 3. HP: 28/29 MP: 5/5
  2257 | D:2      | Reached skill level 4 in Short Blades
  2401 | D:2      | HP: 1/29 [acid (6)]
  2402 | D:2      | Splashed by a jelly's acid

Illustrated notes

Levels and vault maps discovered:
D:1:      lightli_arrival_isolated_outpost, layout_basic,
          dreamdust_ecumenical_altar_drowned_temple
D:2:      layout_rooms, basic_altar

Skill      XL: |  1  2  3 |
---------------+----------+-----
Short Blades   | 2 3 4 |  4.0
Fighting       | |  1.7
Throwing       | |  1.7
Dodging        | |  0.8
Stealth        | |  3.6

Action                   || total
-------------------------++-------
Melee: Dagger            ||   217
       Punch             ||     3
  Use: Scroll            ||     4
 Stab: Sleeping          ||     4
Armor: Robe              ||     9
       Ring mail         ||    87
Dodge: Dodged            ||   144

Table legend: (Time is in decaauts)
 A = Elapsed time spent in this place.
 B = Non-inter-level travel time spent in this place.
 C = Inter-level travel time spent in this place.
 D = Time resting spent in this place.
 E = Time spent auto-exploring this place.
 F = Levels seen in this place.
 G = Mean time per level.
                   A        B        C        D        E       F      G
               +--------+--------+--------+--------+--------+-----+--------+
         Total |   2380 |   2334 |     46 |   1057 |    881 |   2 | 1190.0 |
       Dungeon |   2380 |   2334 |     46 |   1057 |    881 |   2 | 1190.0 |
               +--------+--------+--------+--------+--------+-----+--------+

Top non-repeatable levels by time:
     D:1: 1565 daAuts
     D:2: 815 daAuts
